 Dungeon Crawl Stone Soup version 0.18-a0-1797-gc18daef (webtiles) character file.

258146 wvc the Warrior (level 20, -1/176 HPs)
             Began as a Human Monk on Apr 22, 2016.
             Was the Champion of Jiyva.
             Succumbed to a battleaxe of venom's poison
             ... on level 3 of the Elven Halls.
             The game lasted 02:16:56 (41232 turns).

wvc the Warrior (Human Monk)                       Turns: 41232, Time: 02:16:56

Health: -1/176     AC: 26    Str: 15    XL:     20   Next: 12%
Magic:  2/20       EV: 31    Int:  7    God:    Jiyva [******]
Gold:   874        SH:  0    Dex: 27    Spells: 3 memorised, 14 levels left

rFire  . . .     SeeInvis .     g - +6 lajatang (speed)
rCold  + + +     Gourm    .     j - +1 ring mail of the Guardian {rC++}
rNeg   . . .     Faith    .     (shield currently unavailable)
rPois  .         Spirit   +     (helmet restricted)
rElec  .         Dismiss  .     U - +2 cloak of the Bagpipe {rC+}
rCorr  +         Reflect  .     W - +1 pair of gloves
SustAt .         Harm     .     e - +2 pair of boots
MR     ++...     Rnd*Tele +     R - amulet of guardian spirit
Stlth  ++........               f - ring of teleportation (curse)
                                x - ring of protection from magic

@: lethally poisoned (-1 -> -18), exhausted, slowed, very slow, very resistant
to hostile enchantments, unstealthy
A: antennae 1, beak, icy blue scales 1, iridescent scales 1, agile 1, mutation
resistance 1, sense surroundings 1, shaggy fur 2, eyeballs 1, gelatinous body 1,
jelly sensing items
a: Request Jelly, Jelly Paralyse, Slimify, Cure Bad Mutation, Renounce Religion
}: 3/15 runes: decaying, slimy, gossamer


You were on level 3 of the Elven Halls.
You worshipped Jiyva.
Jiyva was exalted by your worship.
You were full.

You visited 8 branches of the dungeon, and saw 43 of its levels.
You visited the Abyss 1 time.
You visited 1 bazaar.

You collected 2265 gold pieces.
You spent 1391 gold pieces at shops.

Inventory:

Hand Weapons
 g - a +6 lajatang of speed (weapon)
 h - a +5 quarterstaff of chaos
 A - a +0 quarterstaff of crushing
 L - a +3 lajatang of freezing
 Q - the +2 lajatang "Dodot" {freeze, Dex+2 SInv}
   (You found it on level 8 of the Lair of Beasts)

   It has been specially enchanted to freeze those struck by it, causing extra
   injury to most foes and up to half again as much damage against particularly
   susceptible opponents.
   It can also slow down cold-blooded creatures.
   It affects your dexterity (+2).
   It lets you see invisible.
Armour
 e - a +2 pair of boots (worn)
 j - the +1 ring mail of the Guardian (worn) {rC++}
   (You took it off a gnoll on level 7 of the Dungeon)

   It greatly protects you from cold.
 U - the +2 cloak of the Bagpipe (worn) {rC+}
   (You found it on level 6 of the Pits of Slime)

   It protects you from cold.
 W - a +1 pair of gloves (worn)
Jewellery
 f - a cursed ring of teleportation (right hand)
 i - the ring of Cenneq {rC+ Int+4 Slay-3}
   (You found it on level 6 of the Pits of Slime)

   [ring of slaying]

   It affects your intelligence (+4).
   It affects your accuracy and damage with ranged weapons and melee attacks
   (-3).
   It protects you from cold.
 x - a ring of protection from magic (left hand)
 D - an uncursed ring of positive energy
 G - an uncursed ring of protection from fire
 R - an amulet of guardian spirit (around neck)
Wands
 n - a wand of flame (17/48)
 t - a wand of teleportation (0/9)
 K - a wand of disintegration (0/24)
 N - a wand of digging (4/24)
 S - a wand of heal wounds (3/9)
Scrolls
 a - a scroll of holy word
 k - 2 scrolls of enchant armour
 r - 4 scrolls of immolation
 M - 3 scrolls of amnesia
Potions
 c - 4 potions of lignification
 l - a potion of agility
 o - 5 potions of ambrosia
 p - 4 potions of curing
 s - 3 potions of cancellation
 u - 2 potions of flight
 v - a potion of invisibility
 w - 3 potions of brilliance
 C - 2 potions of might
 P - a potion of haste
Miscellaneous
 y - a fan of gales
 H - a phial of floods
 O - a plain deck of wonders {the Alchemist, drawn: 1}
 T - a phantom mirror
 V - a phial of floods
Comestibles
 b - 9 bread rations
 d - 11 meat rations
 z - 2 slices of pizza
 B - 12 royal jellies
 E - 6 beef jerkies
 F - 5 fruits


   Skills:
 + Level 19.9 Fighting
 - Level 14.2 Staves
 + Level 12.2 Armour
 + Level 19.0 Dodging
 - Level 2.0 Stealth
 - Level 4.0 Unarmed Combat
 + Level 0.1 Spellcasting
 + Level 0.2 Charms
 - Level 0.2 Evocations


You had 14 spell levels left.
You knew the following spells:

 Your Spells              Type           Power        Failure   Level  Hunger
a - Apportation           Tloc           #.........   78%         1    ##.....
b - Blink                 Tloc           N/A          93%         2    ###....
c - Repel Missiles        Chrm/Air       #.....       93%         2    ###....


Dungeon Overview and Level Annotations

Branches:
Dungeon (15/15)            Temple (1/1) D:4            Lair (8/8) D:8
  Swamp (4/4) Lair:5       Spider (4/4) Lair:5        Slime (6/6) Lair:6
    Orc (2/2) D:10            Elf (3/3) Orc:2        Vaults (0/5) D:14
 Depths (0/5) D:15

Altars:
Cheibriados
Dithmenos
Elyvilon
Fedhas
Gozag
Kikubaaqudgha
Makhleb
Nemelex Xobeh
Okawaru
Pakellas
Ru
Sif Muna
Vehumet
Xom
The Shining One
Jiyva

Shops:
D:4 !   D:8 *   Orc:1 (??*   Orc:2 =*=*   Elf:1 %[}:[   Elf:2 :*   Elf:3 [

Portals:
Trove: Elf:1 (give 17 scrolls of teleportation)

Annotations:
Lair:6 exclusion: oklob plant
Lair:8 exclusion: oklob plant
Slime:6 Royal Jelly
Elf:2 exclusion: Roxanne, Roxanne


Innate Abilities, Weirdness & Mutations

You have a pair of small antennae on your head.
You have a beak for a mouth.
You are partially covered in icy blue scales (AC +1).
You are partially covered in iridescent scales (AC +4).
You are agile. (Dex +2)
You are somewhat resistant to further mutation.
You passively map a small area around you.
You are covered in thick fur (AC +2).
Your body is partially covered in golden eyeballs (Acc +3).
Your rubbery body absorbs attacks (AC +1).
You have a small jelly attached to you that senses nearby items.


Message History

* * * LOW HITPOINT WARNING * * *
You slice the deep elf elementalist!!
You kill the deep elf elementalist!
The earth elemental disappears in a puff of smoke! x4
* * * LOW HITPOINT WARNING * * *
You feel sick.
You feel a strong urge to attack something.
* * * LOW HITPOINT WARNING * * *
You feel sick.
You hear a distant slurping noise.
* * * LOW HITPOINT WARNING * * *
You feel sick.
You feel your anger subside.
You are no longer berserk.
You are exhausted.
You feel yourself slow down.
* * * LOW HITPOINT WARNING * * *
You feel sick.
The battleaxe of venom hits you but does no damage.
You are more poisoned.
You die...

*,,,*,,,,,+...+,,,,,+...#...#...#
*,,,*,,,,,#...#,,,,,#...#...#...#
*,,,**#####...#######...#...'...#
*,,,,,........[.........#...#...#
*,,,,,..................#..)#...#
*,,,,,..................#...#...#
########.....'..#######+#...#...#
........%...))....(.).......#...#
.....X.......(..@...........#...#
...!.e[.......(.............#....
##)()#####.#..'.#############...#
...)........))........,,.........
.).............[......,,.........
.)##############..####**#########
..#*∆∆**∆∆**∆∆*#..#,,,,,,,,,,,,,,
..#∆∆∆∆∆∆∆,∆,,,#..'.,,,,,,,,,,,,,
..#∆∆∆∆∆∆,∆,∆,,*,.#..,,,,,,,,,,,,


You could see a battleaxe of venom.

Vanquished Creatures
  A deep elf blademaster (Elf:2)
  Kirke (Spider:4)
  5 thorn hunters
  3 deep elf sorcerers
  2 ghost moths
  4 emperor scorpions
  2 deep elf elementalists (Elf:3)
  A very ugly thing (Swamp:2)
  A stone giant (Orc:2)
  The ghost of Chiseanne the Nimble, a journeyman TrMo of the Shining One (D:14)
  3 deep elf annihilators (Elf:3)
  A deep elf death mage (Elf:2)
  2 deep elf high priests (Elf:3)
  5 hydras
  2 ogre magi
  Harold (Orc:1)
  A ghost crab (Swamp:2)
  2 death knights
  10 alligators
  A centaur warrior (D:13)
  An anaconda (Lair:8)
  20 dancing weapons
  2 tengu warriors (D:15)
  15 death yaks
  2 orc high priests
  A sun demon (Abyss:3)
  2 thrashing horrors (Abyss:3)
  A large abomination (Elf:3)
  A spectral emperor scorpion (Spider:4)
  17 deep elf knights
  5 skeletal warriors (D:15)
  A spriggan druid (Swamp:3)
  8 death scarabs (Spider:4)
  An unseen horror (D:12)
  A flayed ghost (Abyss:3)
  2 shambling mangroves
  11 swamp dragons
  3 wolf spider zombies
  5 spectral wolf spiders (Spider:4)
  6 hill giants
  10 deep elf archers
  A wizard (D:15)
  2 necromancers
  7 ugly things
  10 orc sorcerers
  4 cyclopes
  The ghost of nubinia the Nimble, a novice SpVM (D:7)
  38 deep elf magi
  19 wolf spiders
  17 orb spiders
  2 griffons
  4 manticores
  9 hornets
  5 moths of wrath
  A frost giant skeleton (Abyss:3)
  A smoke demon (Abyss:3)
  7 black mambas
  9 elephants
  A torpor snail (Spider:1)
  15 spiny frogs
  A rime drake (Lair:3)
  13 komodo dragons
  4 spectral redbacks (Spider:4)
  A kobold demonologist (D:12)
  2 freezing wraiths
  2 redback zombies (Spider:4)
  A yaktaur (D:15)
  A yaktaur (shapeshifter) (D:15)
  9 demonic crawlers
  A jumping spider (shapeshifter) (D:14)
  5 trolls
  A giant leech (Lair:5)
  39 jumping spiders
  A spectral tarantella (Spider:4)
  5 polar bears
  2 two-headed ogres
  4 spectral jumping spiders (Spider:4)
  2 tarantella zombies (Spider:4)
  A jumping spider zombie (Spider:4)
  A wolf spider simulacrum (D:15)
  11 blink frogs
  2 boulder beetles
  5 bog bodies
  A slime creature (Swamp:4)
  62 redbacks
  3 wraiths (D:12)
  3 air elementals
  3 water elementals
  40 yaks
  A shadow (Swamp:1)
  32 tarantellas
  2 vampires
  10 spriggans
  A human (D:10)
  A hog (shapeshifter) (D:13)
  2 basilisks
  2 hogs (Spider:4)
  2 hungry ghosts
  A steam dragon (D:9)
  A fire elemental (Elf:1)
  A neqoxec (Abyss:3)
  17 vampire mosquitoes
  10 hippogriffs
  A spatial vortex (Abyss:3)
  24 swamp worms
  3 wargs
  6 insubstantial wisps (Swamp:2)
  7 soldier ants
  11 water moccasins
  10 porcupines
  3 black bears
  17 orc warriors
  3 sky beasts
  3 ice beasts
  7 swamp drakes
  11 wasps
  14 ogres
  2 phantoms
  16 wolves
  13 centaurs
  16 crocodiles
  A big kobold (D:12)
  13 giant frogs
  A wyvern zombie (D:13)
  3 earth elementals
  A wyvern skeleton (D:15)
  5 scorpions
  2 killer bees (D:11)
  A small abomination (Abyss:3)
  13 wights
  2 howler monkeys
  3 electric eels
  3 crimson imps
  3 giant frog zombies
  3 centaur zombies
  3 hounds
  Crazy Yiuf (D:2)
  19 orc priests
  3 centaur skeletons
  24 orc wizards
  3 iguanas
  14 worker ants
  Terence (D:3)
  13 sheep
  A giant frog simulacrum (D:8)
  A hound zombie (D:6)
  Robin (D:3)
  5 gnolls
  A gnoll (shapeshifter) (Lair:4)
  49 river rats
  10 adders
  A shadow imp (D:7)
  A white imp (D:8)
  A worker ant simulacrum (D:8)
  5 worms
  4 dart slugs
  3 giant geckos
  61 orcs
  4 giant cockroaches
  10 goblins
  9 hobgoblins
  17 kobolds
  A quokka (D:7)
  4 bats
  A giant cockroach zombie (D:6)
  7 giant newts
  A jackal simulacrum (D:8)
  13 rats
  A briar patch (Swamp:2)
  2 plants (Lair:8)
1142 creatures vanquished.

Vanquished Creatures (collateral kills)
  A deep elf demonologist (Elf:3)
  A hill giant (D:13)
  An orb spider (Spider:4)
  A moth of wrath (Spider:4)
  A rime drake (Lair:4)
  3 komodo dragons
  A redback (Spider:4)
  A tarantella (Spider:4)
  A yak (Lair:4)
  A water moccasin (Lair:3)
  A crocodile (Lair:7)
  An iguana (Lair:2)
  A worker ant (D:13)
  A river rat (Lair:6)
  A fungus (Lair:6)
17 creatures vanquished.

Vanquished Creatures (others)
  Arachne (Spider:4)
  4 acid blobs
  2 deep elf elementalists
  A great orb of eyes (Slime:6)
  2 deep elf high priests
  An entropy weaver (Spider:4)
  4 hydras
  2 dancing weapons (Elf:2)
  An alligator (Swamp:2)
  A death yak (Lair:8)
  A queen ant (Spider:4)
  3 deep elf knights (Elf:1)
  A spatial maelstrom (Elf:1)
  A deep elf archer (Elf:3)
  3 swamp dragons
  2 orb spiders (Spider:4)
  An oklob plant (Lair:8)
  2 deep elf magi
  A hornet (Spider:4)
  An orc sorcerer (Elf:1)
  An eye of devastation (Slime:6)
  A spiny frog (Swamp:2)
  35 slime creatures
  A giant leech (Swamp:2)
  A polar bear (D:8)
  A spectral jumping spider (Spider:4)
  3 jumping spiders (Spider:4)
  An air elemental (Elf:2)
  4 redbacks (Spider:4)
  3 spriggans (Swamp:3)
  A water elemental (Elf:1)
  8 yaks
  Eustachio (D:5)
  A tarantella (Spider:4)
  A human (Spider:4)
  A basilisk (Lair:5)
  2 vampire mosquitoes
  12 soldier ants (Spider:4)
  2 swamp worms (Swamp:3)
  An eye of draining (D:13)
  2 porcupines
  Duvessa (D:5)
  2 water moccasins
  2 orc warriors
  3 ice beasts
  3 swamp drakes (Swamp:4)
  3 wasps (Swamp:3)
  A necrophage (D:8)
  An ogre (Orc:1)
  2 wolves
  2 centaurs
  A crocodile (Lair:8)
  6 giant frogs
  Dowan (D:5)
  2 killer bees (D:11)
  2 crimson imps
  333 jellies
  3 orc priests
  A hound (D:4)
  6 orc wizards
  12 worker ants
  A hound skeleton (D:6)
  A worker ant zombie (D:11)
  2 gnolls
  4 adders
  2 howler monkey skeletons (D:6)
  11 river rats
  An ooze (Lair:6)
  2 ufetubi (D:8)
  2 giant geckos
  32 orcs
  A giant cockroach (D:6)
  A jackal (D:8)
  A quokka (D:11)
  A quokka zombie (D:9)
  A briar patch (Swamp:2)
  139 fungi
  56 plants
763 creatures vanquished.

Grand Total: 1922 creatures vanquished

Notes
Turn   | Place    | Note
--------------------------------------------------------------
     0 | D:1      | wvc the Human Monk began the quest for the Orb.
     0 | D:1      | Reached XP level 1. HP: 18/18 MP: 1/1
   195 | D:1      | Reached XP level 2. HP: 23/24 MP: 2/2
   216 | D:1      | crauler: одевай шкуру, как тру варвар
   235 | D:1      | wvc: умирай от айсбиста на Д2
   235 | D:1      | wvc: знаю я эти подъёбы рнг
   281 | D:1      | crauler: про подъеб
   582 | D:1      | crauler: есть шапка алхимика, заказал себе броню с аквара
   631 | D:1      | crauler: дали еще шапку
   859 | D:2      | wvc: мне кока после ботинок ассассина надарил ещё обувной магазин
   866 | D:2      | Reached XP level 3. HP: 24/29 MP: 3/3
   942 | D:2      | Noticed Crazy Yiuf
  1042 | D:2      | Found a white marble altar of Elyvilon.
  1057 | D:2      | Found a sparkling altar of Nemelex Xobeh.
  1129 | D:2      | Found a shimmering altar of Xom.
  1131 | D:2      | Found a snail-covered altar of Cheibriados.
  1131 | D:2      | Found a deep blue altar of Sif Muna.
  1131 | D:2      | Found an opulent altar of Gozag.
  1131 | D:2      | Found a burning altar of Makhleb.
  1131 | D:2      | Found a sacrificial altar of Ru.
  1132 | D:2      | Found an oddly glowing altar of Pakellas.
  1173 | D:2      | Reached XP level 4. HP: 32/37 MP: 4/4
  1778 | D:2      | Killed Crazy Yiuf
  1778 | D:2      | Reached skill level 1 in Armour
  1852 | D:3      | Found a snail-covered altar of Cheibriados.
  1866 | D:3      | Reached XP level 5. HP: 41/42 MP: 5/5
  1901 | D:3      | Reached skill level 1 in Staves
  1929 | D:3      | Noticed Robin
  1946 | D:3      | Killed Robin
  2236 | D:3      | Noticed Terence
  2276 | D:3      | Killed Terence
  2591 | D:4      | Found a staircase to the Ecumenical Temple.
  2601 | D:4      | Reached XP level 6. HP: 48/48 MP: 6/6
  2605 | Temple   | Entered the Ecumenical Temple
  2635 | Temple   | Became a worshipper of Jiyva Jelufrae the Shapeless
  2635 | Temple   | Reached * piety under Jiyva
  2635 | Temple   | Reached ** piety under Jiyva
  2690 | D:4      | Found Zaoqeq's Distillery.
  2698 | D:4      | Bought a potion of heal wounds for 70 gold pieces
  2698 | D:4      | Bought a potion of heal wounds for 70 gold pieces
  2853 | D:4      | Noticed an orc warrior
  2863 | D:4      | Killed an orc warrior
  2876 | D:4      | Reached XP level 7. HP: 19/54 MP: 7/7
  3802 | D:5      | Entered Level 5 of the Dungeon
  3809 | D:5      | Reached skill level 5 in Staves
  3813 | D:5      | Found an ancient bone altar of Kikubaaqudgha.
  3889 | D:5      | Killed Dowan
  3894 | D:5      | Reached *** piety under Jiyva
  3970 | D:5      | Gained mutation: Your flesh is heat resistant. [Jiyva's grace]
  3996 | D:5      | Reached XP level 8. HP: 21/60 MP: 8/8
  3999 | D:5      | Reached **** piety under Jiyva
  4007 | D:5      | Killed Duvessa
  4009 | D:5      | Gained mutation: You are resistant to electric shocks. [Jiyva's grace]
  4104 | D:5      | Killed Eustachio
  4243 | D:5      | Found a shadowy altar of Dithmenos.
  4245 | D:5      | Found a blossoming altar of Fedhas.
  4247 | D:5      | Found a radiant altar of Vehumet.
  4848 | D:6      | Reached ***** piety under Jiyva
  4867 | D:6      | crauler: опа
  4945 | D:6      | Gained mutation: You passively map a small area around you. [Jiyva's grace]
  5081 | D:6      | crauler: жевачка
  5163 | D:7      | Noticed nubinia's ghost (novice SpVM)
  5170 | D:6      | crauler: ну ботинка ассассина хотя бы не так универсальны
  5252 | D:7      | crauler: *ботинки
  5274 | D:7      | crauler: круты, не спорю
  5277 | D:7      | Gained mutation: Your spells are a little easier to cast, but a little less powerful. [mutagenic meat]
  5278 | D:7      | Gained mutation: You have sharp toenails. [mutagenic meat]
  5279 | D:7      | Gained mutation: You have razor-sharp toenails. [mutagenic meat]
  5280 | D:7      | Lost mutation: You have razor-sharp toenails. [mutagenic meat]
  5281 | D:7      | Lost mutation: Your flesh is heat resistant. [mutagenic meat]
  5392 | D:7      | Noticed a spriggan
  5393 | D:7      | Noticed a spriggan
  5401 | D:7      | Killed a spriggan
  5401 | D:7      | Reached XP level 9. HP: 63/65 MP: 9/9
  5412 | D:7      | Reached skill level 10 in Staves
  6127 | D:7      | Reached XP level 10. HP: 45/71 MP: 10/10
  6145 | D:7      | Killed nubinia's ghost
  6352 | D:7      | Lost mutation: You passively map a small area around you. [Jiyva's grace]
  6609 | D:7      | Got a slimy ring mail
  6620 | D:7      | Identified the +1 ring mail of the Guardian {rC++} (You took it off a gnoll on level 7 of the Dungeon)
  6620 | D:7      | wvc: a slimy ring mail
  6620 | D:7      | wvc: агагаг
  6830 | D:8      | Reached ****** piety under Jiyva
  6838 | D:8      | Lost mutation: Your spells are a little easier to cast, but a little less powerful. [Jiyva's grace]
  6879 | D:8      | Found a staircase to the Lair.
  7051 | D:8      | Gained mutation: You have a pair of small antennae on your head. [Jiyva's grace]
  7462 | D:8      | Gained mutation: Your muscles are strong. (Str +2) [Jiyva's grace]
  7662 | D:8      | Gained mutation: You evolve. [Jiyva's grace]
  7764 | D:8      | Reached XP level 11. HP: 65/77 MP: 11/11
  7799 | D:8      | Found Pejap's Assorted Antiques.
  7810 | D:8      | Bought a glass wand for 104 gold pieces
  7810 | D:8      | Bought 2 amethyst potions for 46 gold pieces
  8072 | D:8      | Found a glowing golden altar of the Shining One.
  8168 | Lair:1   | Entered Level 1 of the Lair of Beasts
  8389 | Lair:1   | Gained mutation: You have an increased reservoir of magic (+10% MP). [Jiyva's grace]
  8962 | Lair:2   | Gained mutation: You have supernaturally acute eyesight. [Jiyva's grace]
  9015 | Lair:2   | Reached skill level 5 in Dodging
  9015 | Lair:2   | Reached skill level 5 in Fighting
  9597 | Lair:2   | Reached skill level 5 in Armour
 10481 | Lair:3   | Noticed Maud
 10749 | Lair:3   | Noticed a six-headed hydra
 10755 | Lair:3   | Noticed a four-headed hydra
 11028 | Lair:3   | Slimified Maud
 11028 | Lair:3   | Noticed Maud
 11028 | Lair:3   | Maud changed into Maud the slime creature
 11049 | Lair:3   | Gained mutation: You are partially covered in iridescent scales (AC +4). [Jiyva's grace]
 11085 | Lair:3   | Killed Maud the slime creature
 11112 | Lair:3   | ololoev: yo!
 11121 | Lair:3   | crauler: откуда дружественная слизь?
 11121 | Lair:3   | wvc: ayyy
 11121 | Lair:3   | wvc: жива жи есть
 11121 | Lair:3   | crauler: с мутки вроде?
 11121 | Lair:3   | wvc: как слаймифай работает?
 11121 | Lair:3   | ololoev: слаймифай делает дружественную?
 11121 | Lair:3   | wvc: резистится?
 11121 | Lair:3   | ololoev: вроде нет
 11121 | Lair:3   | crauler: нет резистится
 11121 | Lair:3   | ololoev: на демоноидов не робит
 11202 | Lair:3   | crauler: дада
 11211 | Lair:3   | ololoev: ох, еще и палка хаоса
 11212 | Lair:3   | Slimified a six-headed hydra
 11212 | Lair:3   | Noticed an azure jelly
 11212 | Lair:3   | a six-headed hydra changed into an azure jelly
 11316 | Lair:3   | Slimified a four-headed hydra
 11316 | Lair:3   | a four-headed hydra changed into a slime creature
 11354 | Lair:3   | Reached XP level 12. HP: 88/88 MP: 13/13
 11387 | Lair:3   | Gained mutation: You are frail (-10% HP). [Jiyva's grace]
 11644 | Lair:3   | Gained mutation: Your mind is acute. (Int +2) [Jiyva's grace]
 12183 | Lair:4   | Gained mutation: Your system is resistant to poisons. [potion of beneficial mutation]
 12314 | Lair:4   | crauler: c живой лут не светит
 12335 | Lair:4   | crauler: он и решил что у йифа пушку заберет и хватит
 12602 | Lair:4   | ololoev: лягухи
 12610 | Lair:4   | ololoev: ты риббита уже убил?
 12703 | Lair:4   | wvc: не было вроде
 12703 | Lair:4   | wvc: посухов нету:(
 13081 | Lair:4   | wvc: когда мощных пиздюлей получаешь, желейки спаунятся
 13081 | Lair:4   | wvc: как у рояля
 13240 | Lair:4   | Gained mutation: Your rubbery body absorbs attacks (AC +1). [Jiyva's grace]
 13331 | Lair:4   | crauler: гм
 13355 | Lair:4   | crauler: дамп делается
 13366 | Lair:4   | crauler: а ссылки нет
 13566 | Lair:5   | crauler: я про беротато
 13628 | Lair:3   | Lost mutation: Your mind is acute. (Int +2) [evolution]
 13982 | Lair:4   | Gained mutation: You are dopey. (Int -2) [mutagenic meat]
 14034 | Lair:5   | Noticed a death yak
 14035 | Lair:5   | Noticed a death yak
 14036 | Lair:5   | Noticed a death yak
 14056 | Lair:4   | Killed a death yak
 14056 | Lair:4   | Reached XP level 13. HP: 42/90 MP: 14/14
 14249 | Lair:5   | Noticed a four-headed hydra
 14250 | Lair:5   | Lost mutation: You are dopey. (Int -2) [Jiyva's grace]
 14259 | Lair:5   | Killed a four-headed hydra
 14262 | Lair:4   | wvc: чот ни дамага, ни защиты с этими посухами
 14428 | Lair:4   | crauler: http://crawl.berotato.org:8080/#watch-Crauler
 14429 | Lair:4   | crauler: че бы пожелать
 14495 | Lair:5   | Found a hole to the Spider Nest.
 14534 | Lair:5   | crauler: без навыка щитов может дать щит?
 14718 | Lair:5   | Found a staircase to the Swamp.
 14837 | Lair:5   | beem: I am beem. For help, type: !beem help
 14843 | Lair:5   | Reached skill level 10 in Dodging
 14909 | Lair:5   | ololoev: вроде не может
 15007 | Lair:5   | Lost mutation: You are frail (-10% HP). [Jiyva's grace]
 15151 | Lair:5   | Reached skill level 10 in Fighting
 15478 | Lair:6   | Gained mutation: You are agile. (Dex +2) [Jiyva's grace]
 15570 | Lair:6   | Gained mutation: You are surrounded by a mild repulsion field (EV +2). [Jiyva's grace]
 15966 | Lair:6   | Noticed an acid blob
 15966 | Lair:6   | a death yak changed into an acid blob
 15968 | Lair:6   | Killed an acid blob
 16037 | Lair:6   | Noticed Snorg
 16046 | Lair:6   | Slimified Snorg
 16046 | Lair:6   | Noticed Snorg
 16046 | Lair:6   | Snorg changed into Snorg the acid blob
 16385 | Lair:6   | Found a staircase to the Slime Pits.
 16540 | Lair:7   | Lost mutation: You evolve. [evolution]
 16678 | Lair:7   | Noticed a seven-headed hydra
 16689 | Lair:7   | Killed a seven-headed hydra
 16749 | Lair:7   | Reached XP level 14. HP: 39/113 MP: 15/15
 16890 | Lair:7   | Gained mutation: Your flesh is heat resistant. [Jiyva's grace]
 17192 | Lair:7   | Lost mutation: Your flesh is heat resistant. [Jiyva's grace]
 17215 | Lair:7   | Noticed an azure jelly
 17215 | Lair:7   | an ice dragon changed into an azure jelly
 17351 | Lair:7   | Lost mutation: Your rubbery body absorbs attacks (AC +1). [Jiyva's grace]
 17506 | Lair:7   | Got a brightly glowing robe
 17589 | Lair:7   | Identified the +1 robe "Cysid" {rPois Int-4 Stlth+} (You found it on level 7 of the Lair of Beasts)
 17601 | Lair:8   | Entered Level 8 of the Lair of Beasts
 17962 | Lair:8   | Gained mutation: Your rubbery body absorbs attacks (AC +1). [Jiyva's grace]
 18020 | Lair:8   | Noticed an azure jelly
 18020 | Lair:8   | a death yak changed into an azure jelly
 19040 | Lair:8   | Gained mutation: You are covered in slimy tendrils that may disarm your opponents. [Jiyva's grace]
 19475 | Lair:8   | Noticed a dire elephant
 19537 | Lair:8   | wvc: ололо слоны не могут в двери
 19541 | Lair:8   | Noticed a dire elephant
 19551 | Lair:8   | crauler: опа
 19556 | Lair:8   | Slimified a dire elephant
 19556 | Lair:8   | Noticed an azure jelly
 19556 | Lair:8   | a dire elephant changed into an azure jelly
 19563 | Lair:8   | Got a steaming lajatang
 19569 | Lair:8   | crauler: молитвы услышаны?
 19569 | Lair:8   | Identified the cursed +2 lajatang "Dodot" {freeze, Dex+2 SInv} (You found it on level 8 of the Lair of Beasts)
 19569 | Lair:8   | Gained mutation: You have acidic saliva. [Jiyva's grace]
 19569 | Lair:8   | crauler: можно считать что да
 19569 | Lair:8   | crauler: палка хв
 19569 | Lair:8   | wvc: ну хз
 19569 | Lair:8   | crauler: лыжа
 19569 | Lair:8   | wvc: лыжа не оче?
 19569 | Lair:8   | wvc: лучше хаоса точно
 19570 | Lair:8   | crauler: ну +2 конечно не много
 19894 | Lair:8   | ololoev: зато не зеркнет слона
 19899 | Lair:8   | crauler: но все равно, фриз, +2, сИНВ
 19908 | Lair:8   | crauler: неплохо
 19908 | Lair:8   | wvc: у меня и так синв
 19914 | Lair:8   | crauler: это пока
 20345 | D:9      | Gained mutation: You have razor-sharp toenails. [Jiyva's grace]
 20809 | D:10     | Entered Level 10 of the Dungeon
 20833 | D:10     | ololoev: !beem lol
 20833 | D:10     | beem: Unknown command. Type !beem help for assistance
 20846 | D:10     | ololoev: глупый бим
 20875 | D:10     | ololoev: ??ruplayers
 20878 | D:10     | beem: ruplayers[1/1]: russian players. maintained by ololoev
 20881 | D:10     | ololoev: норм
 20881 | D:10     | ololoev: сойдет
 20884 | D:10     | Got an obsidian-encrusted leather armour
 20887 | D:10     | Lost mutation: Your rubbery body absorbs attacks (AC +1). [Jiyva's grace]
 20982 | D:10     | Found a staircase to the Orcish Mines.
 21011 | D:10     | Lost mutation: You have acidic saliva. [Jiyva's grace]
 21193 | D:10     | Found an oddly glowing altar of Pakellas.
 21216 | D:10     | Gained mutation: You have a small jelly attached to you that senses nearby items. [Jiyva's grace]
 21335 | Orc:1    | Entered Level 1 of the Orcish Mines
 21349 | Orc:1    | crauler: трупы и палка конфуза
 21363 | Orc:1    | Found Reuseppi's Magic Scroll Emporium.
 21371 | Orc:1    | crauler: веселая вечеринка была
 21456 | Orc:1    | Found Duwiwiho's Magic Scroll Shop.
 21479 | Orc:1    | Found Peisuapral's General Store.
 21483 | Orc:1    | wvc: три скролла бренда
 21483 | Orc:1    | wvc: щас буду точить лыжи
 21483 | Orc:1    | Bought 2 scrolls of brand weapon for 440 gold pieces
 21579 | Orc:1    | Bought a scroll of enchant weapon for 97 gold pieces
 21579 | Orc:1    | Bought a scroll of enchant weapon for 97 gold pieces
 21623 | Orc:1    | Gained mutation: You are partially covered in icy blue scales (AC +1). [Jiyva's grace]
 21678 | Orc:1    | Gained mutation: Your skin is partially translucent (Stealth, -foe acc). [Jiyva's grace]
 21734 | Orc:2    | Entered Level 2 of the Orcish Mines
 21769 | Orc:2    | Noticed a stone giant
 21779 | Orc:2    | Killed a stone giant
 21811 | Orc:2    | Lost mutation: Your skin is partially translucent (Stealth, -foe acc). [Jiyva's grace]
 21845 | Orc:2    | Found a staircase to the Elven Halls.
 21905 | Orc:2    | crauler: у тебя есть лыжа дроченая неточеная?
 22011 | Orc:1    | Found Imoi's Weapon Boutique.
 22061 | Orc:1    | Noticed Harold
 22071 | Orc:1    | Killed Harold
 22114 | Orc:1    | Lost mutation: You are agile. (Dex +2) [Jiyva's grace]
 22231 | Orc:2    | Gained mutation: You are clumsy. (Dex -2) [a neqoxec]
 22234 | Orc:2    | Reached XP level 15. HP: 115/122 MP: 16/16
 22301 | Orc:2    | Found Enout's Jewellery Boutique.
 22301 | Orc:2    | Found Ycrakiw's Jewellery Shop.
 22486 | Orc:2    | Lost mutation: You have a pair of small antennae on your head. [Jiyva's grace]
 22491 | Orc:2    | Found Fegips's Assorted Antiques.
 22495 | Orc:2    | Lost mutation: You have supernaturally acute eyesight. [Jiyva's grace]
 22495 | Orc:2    | Gained mutation: Scrolls take you a little longer to read. [Jiyva's grace]
 22497 | Orc:2    | Found Acraha's General Store.
 22503 | Orc:2    | crauler: лол, помощничек получил хасту и обезумел
 22503 | Orc:2    | crauler: прет впереди меня на враго
 22504 | Orc:2    | crauler: в
 22509 | Orc:2    | Bought a pair of runed boots for 103 gold pieces
 22520 | Orc:2    | Gained mutation: Your body is partially covered in golden eyeballs (Acc +3). [Jiyva's grace]
 22528 | Orc:2    | Bought a scroll of enchant armour for 127 gold pieces
 22549 | Orc:2    | Reached skill level 10 in Armour
 22638 | Orc:2    | Lost mutation: You are clumsy. (Dex -2) [Jiyva's grace]
 22701 | Orc:2    | Learned a level 1 spell: Apportation
 22704 | Orc:2    | Learned a level 2 spell: Blink
 22707 | Orc:2    | Learned a level 2 spell: Repel Missiles
 22885 | Orc:2    | Gained mutation: You can translocate small distances at will. [Jiyva's grace]
 22945 | D:11     | wvc: ЙОБАНА
 22945 | D:11     | wvc: fuck you rng
 22985 | D:11     | Found a flickering gateway to a bazaar.
 23035 | Bazaar   | Entered a bazaar
 23048 | Bazaar   | Found Soedimeu's Antique Armour Emporium.
 23048 | Bazaar   | Found Voly Mia's Antique Armour Emporium.
 23084 | Bazaar   | Found Timus's Distillery.
 23084 | Bazaar   | Found Foumauhivy's Jewellery Shoppe.
 23136 | Bazaar   | Bought a pair of glowing gloves for 135 gold pieces
 23158 | Bazaar   | Identified the cursed +0 leather armour "Jasaeh" {Str-4 Dex+4} (You found it on level 10 of the Dungeon)
 23303 | D:11     | Found a blossoming altar of Fedhas.
 23519 | D:11     | Gained mutation: You have a beak for a mouth. [Jiyva's grace]
 23978 | D:12     | ololoev: я в таком алтаре пити тсо поднимал
 24022 | D:12     | Lost mutation: You are covered in slimy tendrils that may disarm your opponents. [mutagenic meat]
 24183 | D:12     | Lost mutation: You are surrounded by a mild repulsion field (EV +2). [Jiyva's grace]
 24318 | D:12     | Lost mutation: You can translocate small distances at will. [Jiyva's grace]
 24481 | D:12     | Gained mutation: You are covered in fur (AC +1). [Jiyva's grace]
 24640 | D:13     | Gained mutation: You are mostly covered in icy blue scales (AC +3, EV -1). [Jiyva's grace]
 25026 | D:13     | Gained mutation: Your body is mostly covered in golden eyeballs (Acc +5). [Jiyva's grace]
 25356 | D:14     | Found an iron altar of Okawaru.
 25382 | D:14     | Gained mutation: Your rubbery body absorbs attacks (AC +1). [Jiyva's grace]
 25462 | D:14     | Noticed Chiseanne's ghost (journeyman TrMo)
 25513 | D:14     | Killed Chiseanne's ghost
 25524 | D:14     | Found a gate to the Vaults.
 25590 | D:14     | Lost mutation: You are resistant to electric shocks. [mutagenic meat]
 25592 | D:14     | Lost mutation: Scrolls take you a little longer to read. [mutagenic meat]
 25901 | D:15     | Entered Level 15 of the Dungeon
 26056 | D:15     | Gained mutation: Your body is completely covered in golden eyeballs (Acc +7, SInv). [Jiyva's grace]
 26067 | D:15     | Lost mutation: Your body is completely covered in golden eyeballs (Acc +7, SInv). [Jiyva's grace]
 26301 | D:15     | Reached XP level 16. HP: 128/134 MP: 17/17
 26578 | D:15     | Found a staircase to the Depths.
 26655 | D:15     | Reached skill level 15 in Fighting
 26667 | D:15     | Lost mutation: You have razor-sharp toenails. [mutagenic meat]
 26669 | D:15     | Lost mutation: You have a small jelly attached to you that senses nearby items. [mutagenic meat]
 26673 | D:15     | Gained mutation: You have a pair of small horns on your head. [mutagenic meat]
 27367 | Spider:1 | Entered Level 1 of the Spider Nest
 27403 | Spider:1 | Identified a scroll of acquirement
 27416 | Spider:1 | wvc: перетачивать спидозную лыжу?
 27723 | Spider:1 | Reached skill level 15 in Dodging
 28271 | Spider:2 | Gained mutation: Armour fits poorly on your pseudopods. [Jiyva's grace]
 28441 | Spider:2 | Lost mutation: You have sharp toenails. [Jiyva's grace]
 28963 | Spider:3 | Gained mutation: Your body is completely covered in golden eyeballs (Acc +7, SInv). [Jiyva's grace]
 29231 | Spider:3 | Gained mutation: You are covered in slimy tendrils that may disarm your opponents. [Jiyva's grace]
 29706 | Spider:3 | Reached XP level 17. HP: 139/144 MP: 18/18
 29781 | Spider:4 | Entered Level 4 of the Spider Nest
 29848 | Spider:4 | Noticed Kirke
 30121 | Spider:4 | Killed Kirke
 30275 | Spider:4 | Noticed Agnes
 31012 | Spider:4 | Slimified Agnes
 31012 | Spider:4 | Noticed Agnes
 31012 | Spider:4 | Agnes changed into Agnes the azure jelly
 31018 | Spider:4 | HP: 6/146 [disintegration (22)]
 31019 | Spider:4 | Gained mutation: You possess an exceptional clarity of mind. [Jiyva's grace]
 31593 | Spider:4 | Gained mutation: You are agile. (Dex +2) [Jiyva's grace]
 31826 | Spider:4 | Noticed Arachne
 31883 | Spider:4 | Killed Arachne
 32070 | Spider:4 | Lost mutation: You are agile. (Dex +2) [Jiyva's grace]
 32126 | Spider:4 | ololoev: первый раз вижу такой спайдер
 32659 | Spider:4 | crauler: тоже сегодня увидел
 32718 | Spider:4 | crauler: на самом деле я ебал этих скарабеев
 32738 | Spider:4 | crauler: ты наверное теле прочти когда дверь последнюю открывать будешь
 32738 | Spider:4 | wvc: > эти стены
 32738 | Spider:4 | crauler: выпусти этих говнюков
 32738 | Spider:4 | crauler: входа в томбу нет
 32738 | Spider:4 | wvc: там Хуфу сидит?
 32738 | Spider:4 | crauler: нет
 32738 | Spider:4 | crauler: мумий нет, просто ебучие скарабеи
 32738 | Spider:4 | wvc: почему этот дебил в шкафу до сих пор меня не убил?
 32738 | Spider:4 | crauler: мне то со статуей еще относительно пофиг
 32746 | Spider:4 | crauler: опа
 32746 | Spider:4 | xeno23: найс теле
 32746 | Spider:4 | crauler: кто открыл дверь
 32746 | Spider:4 | wvc: XYFY
 32749 | Spider:4 | xeno23: ой лол
 32749 | Spider:4 | wvc: cyka blyat
 32750 | Spider:4 | xeno23: инвиз есть?
 32852 | Spider:4 | Reached XP level 18. HP: 101/155 MP: 19/19
 32854 | Spider:4 | Lost mutation: You have a pair of small horns on your head. [Jiyva's grace]
 33145 | Spider:4 | Got a gossamer rune of Zot
 33154 | Spider:4 | wvc: пойду, винца стаканчик налью
 33444 | Spider:4 | ololoev: с утра пораньше?
 33444 | Spider:4 | crauler: че?
 33444 | Spider:4 | crauler: хуфу был?
 33444 | Spider:4 | wvc: ну, у меня уже полдень
 33444 | Spider:4 | wvc: хуфу не было
 33444 | Spider:4 | wvc: так что с лыжей? точить или не точить?
 33444 | Spider:4 | wvc: есть две лыжи: спид и веном
 33444 | Spider:4 | crauler: ну что, будем лечить?
 33444 | Spider:4 | wvc: веном можно переточить
 33445 | Spider:4 | crauler: бранд куплен?
 33445 | Spider:4 | crauler: переточи
 33445 | Spider:4 | crauler: посмотри
 33445 | Spider:4 | wvc: два есть, ещё один в магазе есть
 33445 | Spider:4 | crauler: один фиг куда еще их девать
 33446 | Spider:4 | crauler: лыжа спида неплохой вариант
 33447 | Spider:4 | wvc: элек хотел:(
 33448 | Spider:4 | crauler: спид тоже хорош
 33448 | Spider:4 | ololoev: спид вамп хаос наше все
 33448 | Spider:4 | crauler: нахуй вамп
 33448 | Spider:4 | wvc: свомпы с гидрами, чоделать?
 33448 | Spider:4 | ololoev: элек нинужно
 33448 | Spider:4 | crauler: спид элек хаос
 33527 | Spider:4 | ololoev: слаймифайить
 33537 | Spider:3 | ololoev: там 10 гидр на весь свамп
 33545 | Spider:3 | crauler: 12
 33545 | Spider:3 | crauler: из них 8 на нижнем этаже
 33545 | Spider:3 | wvc: ага, помню финальный волт, забитый гидрами
 33625 | Lair:5   | wvc: глаза пассивно кофузят монстров, круто
 33625 | Lair:5   | wvc: как аура у Рю
 33653 | Swamp:1  | Entered Level 1 of the Swamp
 34131 | Swamp:1  | Lost mutation: You have an increased reservoir of magic (+10% MP). [Jiyva's grace]
 34447 | Swamp:2  | Gained mutation: You passively map a small area around you. [Jiyva's grace]
 35073 | Swamp:2  | Gained mutation: You have a small jelly attached to you that senses nearby items. [Jiyva's grace]
 35475 | Swamp:3  | Noticed an acid blob
 35475 | Swamp:3  | a seven-headed hydra changed into an acid blob
 35594 | Swamp:3  | Gained mutation: You have large cloven feet. [Jiyva's grace]
 35737 | Swamp:3  | Gained mutation: You are agile. (Dex +2) [Jiyva's grace]
 35825 | Swamp:3  | wvc: You have a beak for a mouth.
 35825 | Swamp:3  | wvc: за щооо
 35933 | Swamp:3  | Noticed Jorgrun
 35934 | Swamp:3  | wvc: опача
 35934 | Swamp:3  | wvc: вот мы и встретились
 35939 | Swamp:3  | Slimified Jorgrun
 35939 | Swamp:3  | Noticed Jorgrun
 35939 | Swamp:3  | Jorgrun changed into Jorgrun the slime creature
 35941 | Swamp:3  | wvc: воу
 35941 | Swamp:3  | wvc: иконки предметов в воде
 35941 | Swamp:3  | xeno23: бедный жоргун
 35942 | Swamp:3  | wvc: когда я только начинал табать, он угробил моего многообещающего кентавра в волтсах, так что у меня вроде детской травмы и я его реально ненавижу
 36294 | Swamp:4  | Entered Level 4 of the Swamp
 36322 | Swamp:4  | Gained mutation: Your pliable body absorbs attacks (AC +1, EV +1). [Jiyva's grace]
 36395 | Swamp:4  | Gained mutation: Your gelatinous body deflects attacks (AC +2, EV +2). [Jiyva's grace]
 36396 | Swamp:4  | wvc: да что ж так с телепортами не везёт
 36487 | Swamp:4  | Gained mutation: Your mind is acute. (Int +2) [Jiyva's grace]
 36605 | Swamp:4  | Got a decaying rune of Zot
 36611 | Swamp:4  | wvc: слаймы уже можно делать?
 36745 | Slime:1  | Entered Level 1 of the Pits of Slime
 36747 | Slime:1  | Noticed an acid blob
 36753 | Slime:2  | Noticed an acid blob
 36773 | Slime:3  | Found a viscous altar of Jiyva.
 36803 | Slime:4  | Noticed an acid blob
 36809 | Slime:5  | Noticed an acid blob
 36812 | Slime:6  | Entered Level 6 of the Pits of Slime
 36812 | Slime:6  | Noticed an acid blob
 36817 | Slime:6  | Noticed an acid blob
 36821 | Slime:6  | Noticed the Royal Jelly
 36821 | Slime:6  | Noticed an acid blob
 36822 | Slime:6  | Found a viscous altar of Jiyva.
 36822 | Slime:6  | Noticed an acid blob
 36825 | Slime:6  | Lost mutation: Your gelatinous body deflects attacks (AC +2, EV +2). [Jiyva's grace]
 36828 | Slime:6  | Got a slimy rune of Zot
 36835 | Slime:6  | Lost mutation: You are agile. (Dex +2) [Jiyva's grace]
 36838 | Slime:6  | Noticed an acid blob
 36840 | Slime:6  | Noticed an acid blob
 36845 | Slime:6  | Got a faintly glowing cloak
 36851 | Slime:6  | Lost mutation: Your muscles are strong. (Str +2) [Jiyva's grace]
 36856 | Slime:6  | Identified the +2 cloak of the Bagpipe {rC+} (You found it on level 6 of the Pits of Slime)
 36871 | Slime:6  | Got a vibrating marble ring
 36880 | Slime:6  | Identified the Handbook of the Arsonist and Augmentations
 36891 | Slime:6  | Identified the Volume of Transmutation and Sinister Rituals
 36904 | Slime:6  | Identified the Grimoire of Doomed Transmutation
 36907 | Slime:6  | Got a heavily runed scale mail
 36918 | Slime:6  | Identified the +0 scale mail "Cuxko" {rC+ Str+3 Dex-3 Slay+2} (You found it on level 6 of the Pits of Slime)
 36930 | Slime:6  | Identified the cursed ring of Cenneq {rC+ Int+4 Slay-3} (You found it on level 6 of the Pits of Slime)
 36941 | Slime:6  | Killed an acid blob
 36949 | Slime:6  | Killed an acid blob
 37233 | Elf:1    | Entered Level 1 of the Elven Halls
 37301 | Elf:1    | Found Siduoghy's Antique Armour Shop.
 37345 | Elf:1    | Found Goc Ut Timm's Book Boutique.
 37401 | Elf:1    | Found Osib's Gadget Shoppe.
 37417 | Elf:1    | Reached XP level 19. HP: 100/165 MP: 15/19
 37442 | Elf:1    | crauler: recharge hw?
 37543 | Elf:1    | Cast into level 3 of the Abyss (mace of distortion)
 37544 | Abyss:3  | wvc: yay!
 37544 | Abyss:3  | Found a corrupted altar of Lugonu.
 37550 | Abyss:3  | xeno23: пришло время искать руну
 37690 | Abyss:3  | Lost mutation: Your pliable body absorbs attacks (AC +1, EV +1). [a neqoxec]
 37693 | Abyss:3  | crauler: >tramples itself
 37700 | Abyss:3  | crauler: lol wut
 37719 | Elf:1    | Escaped the Abyss
 37867 | Elf:1    | crauler: а нафига ты сюда пошел то?
 37873 | Elf:1    | wvc: а куда идти?
 37873 | Elf:1    | xeno23: чому бы и нет
 37873 | Elf:1    | crauler: дамп
 37873 | Elf:1    | wvc: лейр пройден
 37901 | Elf:1    | Lost mutation: You are covered in slimy tendrils that may disarm your opponents. [Jiyva's grace]
 37901 | Elf:1    | crauler: данж, волты?
 37935 | Elf:1    | wvc: донж до 15 уровня пройден
 37935 | Elf:1    | xeno23: ну эльфы не сложнее волтов
 37935 | Elf:1    | xeno23: можно и их вычистить
 37935 | Elf:1    | wvc: в волтах выстегнут
 37955 | Elf:1    | crauler: по моему посложнее все таки
 38098 | Elf:1    | Lost mutation: Your mind is acute. (Int +2) [Jiyva's grace]
 38130 | Elf:1    | Lost mutation: Your body is completely covered in golden eyeballs (Acc +7, SInv). [Jiyva's grace]
 38139 | Elf:1    | Gained mutation: Your spells are a little harder to cast, but a little more powerful. [Jiyva's grace]
 38257 | Elf:1    | Lost mutation: Your system is resistant to poisons. [Jiyva's grace]
 38296 | Elf:1    | Found Bacoav's Armour Shoppe.
 38302 | Elf:1    | crauler: ох лол
 38310 | Elf:1    | crauler: только щас обратил внимание у себя на колво свитков речарджа
 38345 | Elf:1    | crauler: 15 свитков, два зачитывал
 38384 | Elf:1    | Found Jimidghu's Food Emporium.
 38385 | Elf:1    | crauler: я зачистил леер волты до 4 и эльфов
 38539 | Elf:1    | Gained mutation: Your mind is acute. (Int +2) [Jiyva's grace]
 38608 | Elf:1    | Noticed an Ice Fiend
 38624 | Elf:1    | wvc: йопт
 38624 | Elf:1    | wvc: саммоны не исчезают после слаймифая саммонера?
 38624 | Elf:1    | Drew Focus: Dex increased to 25, Int decreased to 7
 38624 | Elf:1    | xeno23: это кстати тупо
 38708 | Elf:1    | Gained mutation: You are covered in thick fur (AC +2). [Jiyva's grace]
 38751 | Elf:1    | Found a portal to a secret trove of treasure.
 38825 | Elf:1    | wvc: This trove needs 17 scrolls of teleportation to function. Give it the items?
 38825 | Elf:1    | wvc: nvm
 38877 | Elf:2    | Noticed Louise
 38877 | Elf:2    | wvc: блиа, в зал клинков кинуло
 38881 | Elf:2    | Slimified Louise
 38881 | Elf:2    | Noticed Louise
 38881 | Elf:2    | Louise changed into Louise the slime creature
 38886 | Elf:2    | Noticed a deep elf blademaster
 38906 | Elf:2    | Killed a deep elf blademaster
 38923 | Elf:2    | Lost mutation: Your mind is acute. (Int +2) [Jiyva's grace]
 38946 | Elf:2    | Found a runed gate.
 38946 | Elf:2    | Found a runed gate.
 38947 | Elf:2    | Found a runed gate.
 39015 | Elf:2    | crauler: The tentacled monstrosity grabs you. You stop ascending the stairs.
 39053 | Elf:2    | Lost mutation: You have large cloven feet. [Jiyva's grace]
 39108 | Elf:2    | Killed Louise the slime creature
 39260 | Elf:2    | Gained mutation: You are agile. (Dex +2) [Jiyva's grace]
 39397 | Elf:2    | Lost mutation: You are mostly covered in icy blue scales (AC +3, EV -1). [Jiyva's grace]
 39416 | Elf:2    | Lost mutation: Your spells are a little harder to cast, but a little more powerful. [Jiyva's grace]
 39432 | Elf:2    | Found Jihum's Assorted Antiques.
 39440 | Elf:2    | Bought a scroll of teleportation for 102 gold pieces
 39526 | Elf:2    | Noticed Roxanne
 39540 | Elf:3    | Entered Level 3 of the Elven Halls
 39585 | Elf:3    | crauler: бляядь
 39587 | Elf:3    | crauler: в5
 39592 | Elf:3    | crauler: с в5 упол
 39594 | Elf:3    | Found Eleal's Armour Emporium.
 39600 | Elf:3    | crauler: походу надо отпиваться ХВ, который на трову нужен
 39619 | Elf:3    | Noticed Asterion
 39626 | Elf:3    | Slimified Asterion
 39626 | Elf:3    | Noticed Asterion
 39626 | Elf:3    | Asterion changed into Asterion the acid blob
 39726 | Elf:2    | Lost mutation: Armour fits poorly on your pseudopods. [Jiyva's grace]
 39817 | Elf:2    | Found Yczownoh's Book Shop.
 40579 | Elf:2    | Gained mutation: You are somewhat resistant to further mutation. [potion of mutation]
 40580 | Elf:2    | Lost mutation: Your body is mostly covered in golden eyeballs (Acc +5). [potion of mutation]
 40582 | Elf:2    | Lost mutation: You possess an exceptional clarity of mind. [potion of mutation]
 41107 | Elf:3    | Reached XP level 20. HP: 176/176 MP: 20/20
 41191 | Elf:3    | Gained mutation: You have a pair of small antennae on your head. [Jiyva's grace]
 41196 | Elf:3    | Killed Asterion the acid blob
 41226 | Elf:3    | HP: 7/264 [battleaxe of venom (22)]
 41231 | Elf:3    | HP: 1/176 [poisoned by a battleaxe of venom]
 41232 | Elf:3    | Succumbed to a battleaxe of venom's poison

Vault maps used:
D:1:      minmay_arrival_nine_rooms, minmay_close_crescents
D:2:      overflow_temple_1_default, grunt_temple_overflow_open,
          nicolae_overflow_crystal_walls, uniq_crazy_yiuf_cottage
D:3:      kennysheep_slug_shrine, uniq_terence, uniq_robin
D:4:      minmay_temple_entry_glass, first_bread, serial_shops, shop
D:5:      lemuel_round_altar, gammafunk_temple_overflow_forgotten,
          uniq_eustachio, uniq_duvessa
D:6:      lightli_sewer_entry_pipes
D:7:      forest_paths
D:8:      tso_altar, lair_0_dummy, serial_shops, shop, serial_ice, serial_ice_e,
          serial_ice_l, serial_ice_c, serial_ice_g, serial_ice_d, serial_ice_a,
          serial_ice_o, serial_ice_b, serial_ice_n, serial_ice_h,
          hangedman_pestilent_swarm
D:9:      minmay_misc_feat_roman
D:10:     erik_orc_4, johnstein_pakellas_death_squad
D:11:     serial_shops, bzr_entry_gold, minivault_22, fedhas_altar_decomposition
D:13:     roderic_serpentine_path
D:14:     david_vaults_1, basic_altar, columned_hall_lemuel
D:15:     grunt_enter_depths_magical_seal
Temple:   pf_slime_end_temple
Lair:2:   grunt_megastairs_2
Lair:3:   infiniplex_staircase_pool, uniq_maud
Lair:5:   minmay_swamp_entry_worms, dummy_spider_entry, minivault_11,
          beast_lair_carwin_8
Lair:6:   minmay_slime_entry_jelly_boxes, minmay_lair_oklob_bushes, uniq_snorg
Lair:7:   onia_ninara_swampy_vault, portal_ice_cave_entry_animals_and_master,
          grunt_megastairs_5
Lair:8:   due_jungle_book
Swamp:1:  nicolae_swamp_very_dense_foliage, swamp_pool2,
          hangedman_swamp_wriggling
Swamp:2:  evilmike_swamp_ruin_rubble_1, infiniplex_staircase_pool_2
Swamp:3:  hangedman_swamp_blocks, uniq_jorgrun
Swamp:4:  swamp
Spider:4: floodkiller_spider_rune_tomb, zaba_antful_of_joy, uniq_agnes,
          uniq_kirke, uniq_arachne
Slime:3:  basic_altar
Orc:1:    serial_shops, shop, shop, shop, shop_statue, uniq_harold
Orc:2:    st_orc_mages, mines4_lemuel
Elf:1:    eino_elf_arrival_sip, nicolae_trove_entry_columns, serial_shops, shop,
          nicolae_shop_statue_plus, shop, shop, shop, orc_legates, spider_trap
Elf:2:    serial_shops, nicolae_shop_trees, shop_fountains, feat_on_display,
          uniq_louise, uniq_roxanne
Elf:3:    minmay_elf_hall_dome, serial_shops, shop, uniq_asterion
Bazaar:   grunt_bazaar_doublecross

Skill      XL: |  1  2  3  4  5  6  7  8  9 10 11 12 13 14 15 16 17 18 19 20 |
---------------+-------------------------------------------------------------+-----
Fighting       | 4 6 8 11 12 14 16 17 18 19 | 19.9
Armour         | 1 6 7 9 10 11 12 | 12.2
Dodging        | 4 6 9 11 13 14 15 16 17 18 19 | 19.0
Staves         | 3 4 6 9 12 14 | 14.2
Stealth        | |  2.0
Unarmed Combat | |  4.0
Spellcasting   | |  0.1
Charms         | |  0.2
Evocations     | |  0.2

Action                   |  1- 3 |  4- 6 |  7- 9 | 10-12 | 13-15 | 16-18 | 19-21 || total
-------------------------+-------+-------+-------+-------+-------+-------+-------++-------
Melee: Unarmed           |    85 |    30 |       |       |       |    10 |       ||   125
       Punch             |     1 |       |       |       |       |       |       ||     1
       Quarterstaff      |       |    80 |   212 |   795 |   810 |    21 |       ||  1918
       Lajatang          |       |       |       |       |   813 |  1586 |   597 ||  2996
       Bite              |       |       |       |       |    13 |       |       ||    13
       Peck              |       |       |       |       |   123 |   493 |   176 ||   792
       Headbutt          |       |       |       |       |       |   265 |       ||   265
       Pseudopods        |       |       |       |       |       |   422 |   144 ||   566
 Cast: Repel Missiles    |       |       |       |       |     1 |       |       ||     1
Invok: Slimify           |       |       |       |     3 |     6 |    17 |     5 ||    31
       Jelly Paralyse    |       |       |       |       |       |     2 |       ||     2
 Abil: Stop Flying       |       |       |       |       |     1 |       |       ||     1
Evoke: Wand              |       |     9 |     1 |     5 |     3 |    12 |     6 ||    36
       Phial of floods   |       |       |       |     1 |     1 |       |       ||     2
       Deck              |       |       |       |       |       |       |     1 ||     1
       Fan of gales      |       |       |       |       |       |       |     1 ||     1
  Use: Scroll            |       |     8 |     6 |    14 |     9 |    17 |     8 ||    62
       Potion            |       |       |     3 |     5 |     1 |     6 |    14 ||    29
 Stab: Sleeping          |     2 |     1 |     2 |     2 |     6 |     2 |     3 ||    18
       Distracted        |     1 |       |       |     3 |     2 |     3 |     3 ||    12
       Paralysed         |       |     3 |       |     9 |     7 |       |       ||    19
       Petrifying        |       |       |     4 |     6 |     9 |       |       ||    19
       Confused          |       |       |       |       |    13 |   120 |     3 ||   136
       Invisible         |       |       |       |       |    15 |       |       ||    15
  Eat: Chunk             |     1 |     4 |     6 |     2 |     7 |    10 |       ||    30
       Fruit             |       |     4 |       |       |       |       |       ||     4
       Pizza             |       |       |       |       |       |     1 |       ||     1
Armor: Robe              |     2 |       |       |       |       |       |       ||     2
       Ring mail         |    19 |    32 |    56 |   142 |   281 |   424 |   155 ||  1109
       Fire dragon hide  |     2 |       |       |       |       |       |       ||     2
       Skin              |       |       |       |     4 |       |       |       ||     4
Dodge: Dodged            |    45 |    68 |   119 |   402 |  1115 |  1436 |   488 ||  3673
       Deflected         |       |       |       |       |     2 |       |       ||     2
